[ AOE2 MATCH · #508328786 ]
UnrankedVikings vs Poles
Player's team · WIN
Rival team · LOSS
[ REPLAY ANALYSIS · EXTRACTED FROM THE RECORDED GAME ]
Feudal
10:06
Castle
20:46
Imperial
34:24
| APM avg | 33.6 |
| APM peak | 81 |
| eAPM avg | 21.5 |
| Villagers / military | 111 / 56 |
Focus
⚔️ 35.1% · 🌾 64.9%
Archer ×24 · Knight ×14 · Spearman ×7 · Berserk ×5 · Monk ×3 · Mangonel ×1
Feudal
9:54
Castle
21:25
Imperial
36:13
| APM avg | 27.6 |
| APM peak | 68 |
| eAPM avg | 14.1 |
| Villagers / military | 83 / 64 |
Focus
⚔️ 23.5% · 🌾 76.5%
Knight ×28 · Archer ×20 · Skirmisher ×11 · Monk ×2 · Trebuchet (Packed) ×2 · Spearman ×1
Match map
Initial resources + every placement click. Lines = walls · curves = elevation contours. ◆ gold · ⬟ stone · ● berries · ✦ relic · ◌ wall gap
Your base· ✓ Closed at 20:46 · 45t walls · no gate
SURFISTA PENSADOR's base· Open — opponent sealed themselves in
Smoothed initial terrain · ◌ = detected wall gap · hover for details
Inputs per minute
— pabloic16 - - SURFISTA PENSADOR
Build order — pabloic16
First 150 of 303 actions detected
| 0:00 | Queue | Villager (Male) |
| 0:01 | Queue | Villager (Male) |
| 0:02 | Build | House |
| 0:03 | Build | House |
| 0:21 | Queue | Villager (Male) |
| 0:45 | Queue | Villager (Male) |
| 1:28 | Queue | Villager (Male) |
| 1:28 | Queue | Villager (Male) |
| 1:39 | Queue | Villager (Male) |
| 1:40 | Queue | Villager (Male) |
| 1:44 | Build | Lumber Camp |
| 2:05 | Queue | Villager (Male) |
| 2:44 | Queue | Villager (Male) |
| 3:11 | Queue | Villager (Male) |
| 3:37 | Queue | Villager (Male) |
| 3:48 | Build | House |
| 4:11 | Queue | Villager (Male) |
| 4:11 | Queue | Villager (Male) |
| 4:13 | Build | Mill |
| 4:28 | Queue | Villager (Male) |
| 4:29 | Queue | Villager (Male) |
| 4:45 | Queue | Villager (Male) |
| 5:06 | Queue | Villager (Male) |
| 5:26 | Queue | Villager (Male) |
| 5:54 | Build | House |
| 5:56 | Queue | Villager (Male) |
| 5:56 | Queue | Villager (Male) |
| 6:22 | Queue | Villager (Male) |
| 6:23 | Queue | Villager (Male) |
| 6:23 | Research | Loom |
| 7:56 | Research | Feudal Age |
| 8:02 | Build | Mining Camp |
| 8:32 | Build | Barracks |
| 8:41 | Build | House |
| 8:43 | Build | Palisade Wall |
| 8:46 | Queue | Villager (Male) |
| 9:04 | Build | Lumber Camp |
| 9:28 | Build | House |
| 9:30 | Build | Palisade Wall |
| 9:31 | Build | Palisade Wall |
| 9:33 | Build | Palisade Wall |
| 9:51 | Queue | Villager (Male) |
| 10:06 | Age | Feudal Age |
| 10:09 | Build | Archery Range |
| 10:12 | Research | Double-Bit Axe |
| 10:13 | Queue | Spearman |
| 10:23 | Build | House |
| 10:35 | Queue | Villager (Male) |
| 10:42 | Build | Palisade Wall |
| 10:59 | Queue | Archer |
| 11:00 | Queue | Archer |
| 11:00 | Queue | Archer |
| 11:22 | Build | Farm |
| 11:22 | Build | Farm |
| 11:25 | Build | Farm |
| 11:26 | Queue | Villager (Male) |
| 11:26 | Queue | Villager (Male) |
| 11:26 | Queue | Villager (Male) |
| 11:33 | Queue | Archer |
| 12:00 | Queue | Villager (Male) |
| 12:06 | Build | Blacksmith |
| 12:11 | Build | House |
| 12:24 | Build | Farm |
| 12:30 | Queue | Villager (Male) |
| 12:30 | Queue | Villager (Male) |
| 12:32 | Queue | Archer |
| 12:41 | Research | Town Watch |
| 12:41 | Queue | Villager (Male) |
| 12:48 | Queue | Archer |
| 12:53 | Build | House |
| 12:56 | Queue | Villager (Male) |
| 13:00 | Build | Farm |
| 13:07 | Build | Farm |
| 13:12 | Build | Farm |
| 13:25 | Research | Fletching |
| 13:32 | Build | Farm |
| 13:43 | Build | Farm |
| 13:46 | Build | Farm |
| 13:54 | Queue | Villager (Male) |
| 14:16 | Queue | Villager (Male) |
| 14:23 | Build | Farm |
| 14:28 | Build | House |
| 14:31 | Build | House |
| 14:34 | Queue | Villager (Male) |
| 14:36 | Build | Farm |
| 14:38 | Queue | Villager (Male) |
| 14:49 | Build | Farm |
| 14:49 | Research | Horse Collar |
| 14:57 | Queue | Villager (Male) |
| 15:12 | Queue | Villager (Male) |
| 15:13 | Build | Farm |
| 15:29 | Queue | Villager (Male) |
| 15:35 | Build | Palisade Wall |
| 15:48 | Build | Farm |
| 15:51 | Queue | Villager (Male) |
| 16:04 | Build | Archery Range |
| 16:12 | Build | Palisade Wall |
| 16:19 | Queue | Archer |
| 16:20 | Queue | Villager (Male) |
| 16:20 | Queue | Villager (Male) |
| 16:54 | Build | Farm |
| 17:03 | Build | Palisade Wall |
| 17:08 | Build | Farm |
| 17:12 | Build | Farm |
| 17:24 | Build | Farm |
| 17:33 | Queue | Villager (Male) |
| 17:38 | Build | Farm |
| 17:43 | Build | Farm |
| 18:01 | Research | Castle Age |
| 18:21 | Build | Farm |
| 18:22 | Queue | Archer |
| 18:22 | Queue | Archer |
| 18:22 | Queue | Archer |
| 18:33 | Build | Palisade Wall |
| 18:38 | Build | Stable |
| 18:42 | Build | Palisade Wall |
| 18:52 | Queue | Villager (Male) |
| 18:52 | Queue | Villager (Male) |
| 19:00 | Queue | Archer |
| 19:00 | Queue | Archer |
| 19:00 | Queue | Archer |
| 20:02 | Research | Padded Archer Armor |
| 20:15 | Build | Mining Camp |
| 20:20 | Research | Gold Mining |
| 20:29 | Build | House |
| 20:32 | Queue | Villager (Male) |
| 20:32 | Queue | Villager (Male) |
| 20:32 | Queue | Villager (Male) |
| 20:46 | Age | Castle Age |
| 20:47 | Research | Crossbowman (upgrade) |
| 20:47 | Research | Crossbowman (upgrade) |
| 20:48 | Research | Bodkin Arrow |
| 20:52 | Research | Bow Saw |
| 20:58 | Queue | Villager (Male) |
| 20:58 | Queue | Villager (Male) |
| 21:04 | Build | Farm |
| 21:10 | Build | Farm |
| 21:25 | Build | House |
| 21:38 | Research | Leather Archer Armor |
| 21:40 | Queue | Villager (Male) |
| 21:48 | Build | Palisade Gate |
| 21:49 | Queue | Archer |
| 21:50 | Queue | Archer |
| 21:50 | Queue | Archer |
| 21:56 | Queue | Villager (Male) |
| 21:56 | Queue | Villager (Male) |
| 21:56 | Queue | Villager (Male) |
| 21:57 | Build | Farm |
| 21:59 | Queue | Villager (Male) |
| 22:05 | Queue | Villager (Male) |
Build order — SURFISTA PENSADOR
First 150 of 239 actions detected
| 0:01 | Queue | Villager (Male) |
| 0:01 | Queue | Villager (Male) |
| 0:02 | Queue | Villager (Male) |
| 0:02 | Build | House |
| 0:04 | Build | House |
| 0:11 | Queue | Villager (Male) |
| 0:11 | Queue | Villager (Male) |
| 1:27 | Queue | Villager (Male) |
| 1:27 | Queue | Villager (Male) |
| 2:05 | Queue | Villager (Male) |
| 2:05 | Queue | Villager (Male) |
| 2:12 | Build | Lumber Camp |
| 2:15 | Queue | Villager (Male) |
| 2:16 | Queue | Villager (Male) |
| 2:44 | Queue | Villager (Male) |
| 2:58 | Queue | Villager (Male) |
| 2:58 | Queue | Villager (Male) |
| 3:04 | Build | House |
| 3:39 | Queue | Villager (Male) |
| 3:40 | Queue | Villager (Male) |
| 3:40 | Queue | Villager (Male) |
| 4:14 | Queue | Villager (Male) |
| 4:15 | Queue | Villager (Male) |
| 4:46 | Build | House |
| 4:55 | Queue | Villager (Male) |
| 4:55 | Queue | Villager (Male) |
| 5:19 | Queue | Villager (Male) |
| 5:19 | Queue | Villager (Male) |
| 5:52 | Queue | Villager (Male) |
| 6:26 | Queue | Villager (Male) |
| 6:47 | Build | Mill |
| 7:05 | Research | Loom |
| 7:44 | Research | Feudal Age |
| 7:49 | Build | Barracks |
| 8:56 | Build | Palisade Wall |
| 8:57 | Build | Palisade Wall |
| 8:58 | Build | Palisade Wall |
| 9:54 | Age | Feudal Age |
| 9:56 | Build | Archery Range |
| 9:58 | Queue | Villager (Male) |
| 10:01 | Queue | Villager (Male) |
| 10:04 | Build | Mining Camp |
| 10:14 | Build | Farm |
| 10:15 | Build | Farm |
| 10:17 | Build | Farm |
| 10:36 | Build | Farm |
| 10:40 | Queue | Villager (Male) |
| 10:50 | Queue | Skirmisher |
| 10:50 | Queue | Skirmisher |
| 11:17 | Queue | Archer |
| 11:18 | Queue | Archer |
| 11:24 | Queue | Villager (Male) |
| 11:28 | Research | Double-Bit Axe |
| 11:43 | Build | Palisade Wall |
| 11:47 | Queue | Archer |
| 11:52 | Queue | Villager (Male) |
| 12:15 | Build | Watch Tower |
| 12:19 | Queue | Archer |
| 12:33 | Queue | Skirmisher |
| 12:39 | Research | Horse Collar |
| 12:40 | Queue | Villager (Male) |
| 12:46 | Build | House |
| 12:58 | Research | Wheelbarrow |
| 13:12 | Build | House |
| 13:16 | Build | House |
| 13:43 | Build | Blacksmith |
| 13:46 | Queue | Villager (Male) |
| 13:49 | Queue | Skirmisher |
| 14:08 | Build | Farm |
| 14:14 | Queue | Archer |
| 14:26 | Queue | Villager (Male) |
| 14:34 | Build | House |
| 14:41 | Build | Palisade Wall |
| 14:44 | Queue | Villager (Male) |
| 14:56 | Build | Farm |
| 15:06 | Build | Farm |
| 15:09 | Queue | Skirmisher |
| 15:09 | Queue | Archer |
| 15:21 | Research | Fletching |
| 15:47 | Queue | Skirmisher |
| 15:48 | Queue | Skirmisher |
| 16:06 | Build | House |
| 16:08 | Queue | Villager (Male) |
| 16:10 | Queue | Villager (Male) |
| 16:13 | Queue | Archer |
| 16:19 | Research | Padded Archer Armor |
| 16:31 | Build | Mill |
| 16:35 | Build | Farm |
| 16:39 | Build | Farm |
| 16:46 | Build | Farm |
| 16:47 | Queue | Villager (Male) |
| 17:38 | Build | Market |
| 17:45 | Queue | Villager (Male) |
| 18:40 | Build | Mining Camp |
| 18:45 | Research | Castle Age |
| 18:49 | Queue | Archer |
| 18:49 | Queue | Archer |
| 19:06 | Build | Stable |
| 19:09 | Research | Gold Mining |
| 19:28 | Queue | Skirmisher |
| 19:59 | Build | House |
| 20:11 | Build | Farm |
| 20:26 | Queue | Skirmisher |
| 20:28 | Queue | Archer |
| 20:36 | Research | Bloodlines |
| 20:44 | Build | Palisade Wall |
| 20:45 | Build | Palisade Wall |
| 20:54 | Queue | Villager (Male) |
| 20:54 | Queue | Villager (Male) |
| 20:57 | Build | Farm |
| 21:25 | Age | Castle Age |
| 21:29 | Research | Crossbowman (upgrade) |
| 21:32 | Queue | Knight |
| 21:32 | Queue | Knight |
| 21:40 | Build | Palisade Wall |
| 21:44 | Queue | Villager (Male) |
| 22:08 | Research | Bodkin Arrow |
| 22:24 | Build | Farm |
| 22:30 | Build | Farm |
| 22:36 | Queue | Knight |
| 22:36 | Queue | Knight |
| 22:46 | Queue | Spearman |
| 22:51 | Queue | Skirmisher |
| 22:51 | Queue | Skirmisher |
| 22:57 | Queue | Villager (Male) |
| 22:58 | Queue | Villager (Male) |
| 23:13 | Build | House |
| 23:43 | Queue | Villager (Male) |
| 23:43 | Queue | Villager (Male) |
| 23:53 | Queue | Knight |
| 24:04 | Queue | Villager (Male) |
| 24:15 | Build | House |
| 24:49 | Build | Castle |
| 25:14 | Queue | Villager (Male) |
| 25:14 | Queue | Villager (Male) |
| 25:15 | Queue | Villager (Male) |
| 25:15 | Queue | Villager (Male) |
| 25:16 | Queue | Villager (Male) |
| 25:18 | Queue | Knight |
| 25:18 | Queue | Knight |
| 25:18 | Queue | Knight |
| 25:45 | Queue | Knight |
| 25:46 | Queue | Knight |
| 26:11 | Queue | Archer |
| 26:11 | Queue | Archer |
| 26:11 | Queue | Archer |
| 26:31 | Queue | Villager (Male) |
| 26:31 | Queue | Villager (Male) |
| 26:37 | Build | Farm |
| 26:46 | Queue | Villager (Male) |
Match timeline
| 7:49 | SURFISTA PENSADOR · first_building Barracks |
| 8:32 | pabloic16 · first_building Barracks |
| 8:43 | pabloic16 · wall_segment Palisade Wall x1 |
| 8:56 | SURFISTA PENSADOR · wall_segment Palisade Wall x8 |
| 8:57 | SURFISTA PENSADOR · wall_segment Palisade Wall x1 |
| 8:58 | SURFISTA PENSADOR · wall_segment Palisade Wall x1 |
| 9:30 | pabloic16 · wall_segment Palisade Wall x1 |
| 9:31 | pabloic16 · wall_segment Palisade Wall x1 |
| 9:33 | pabloic16 · wall_segment Palisade Wall x1 |
| 9:54 | SURFISTA PENSADOR · age_up feudal |
| 9:56 | SURFISTA PENSADOR · first_building Archery Range |
| 10:06 | pabloic16 · age_up feudal |
| 10:09 | pabloic16 · first_building Archery Range |
| 10:42 | pabloic16 · wall_segment Palisade Wall x6 |
| 11:43 | SURFISTA PENSADOR · wall_segment Palisade Wall x29 |
| 14:41 | SURFISTA PENSADOR · wall_segment Palisade Wall x7 |
| 15:35 | pabloic16 · wall_segment Palisade Wall x10 |
| 16:12 | pabloic16 · wall_segment Palisade Wall x8 |
| 17:03 | pabloic16 · wall_segment Palisade Wall x1 |
| 18:33 | pabloic16 · wall_segment Palisade Wall x10 |
| 18:38 | pabloic16 · first_building Stable |
| 18:42 | pabloic16 · wall_segment Palisade Wall x7 |
| 19:06 | SURFISTA PENSADOR · first_building Stable |
| 20:44 | SURFISTA PENSADOR · wall_segment Palisade Wall x2 |
| 20:45 | SURFISTA PENSADOR · wall_segment Palisade Wall x4 |
| 20:46 | pabloic16 · age_up castle |
| 21:25 | SURFISTA PENSADOR · age_up castle |
| 21:40 | SURFISTA PENSADOR · wall_segment Palisade Wall x11 |
| 21:57 | SURFISTA PENSADOR · first_market_sell 100 stone |
| 24:49 | SURFISTA PENSADOR · first_building Castle |
| 26:55 | SURFISTA PENSADOR · first_market_buy 100 stone |
| 26:58 | pabloic16 · first_building Siege Workshop |
| 27:53 | pabloic16 · first_building Castle |
| 28:39 | SURFISTA PENSADOR · first_building Monastery |
| 30:05 | pabloic16 · first_building Monastery |
| 34:05 | SURFISTA PENSADOR · wall_segment Stone Wall x14 |
| 34:24 | pabloic16 · age_up imperial |
| 35:04 | pabloic16 · first_market_sell 100 wood |
| 35:11 | pabloic16 · first_market_buy 100 food |
| 36:13 | SURFISTA PENSADOR · age_up imperial |
| 37:28 | SURFISTA PENSADOR · resign |
[ AI ANALYSIS · 1 CREDIT ]
What really happened in this match?
Wolo.gg analyzes every decision: build order, eco, micro, common mistakes by bracket. Personalized analysis on WhatsApp or Discord in 30 seconds.
Civ guide
Vikings
Perfil
Jugador #2181986